cohdb
Replays
Latest Replays
All Replays
Popular Replays
Top Player Replays
Match Explorer
How It Works
Community
CoH3 Stats
Reddit
Sign in to upload your games and track your stats! →
Sign in with Steam
Match 39117562
Unlisted
Match 39117562
Overview
Messages
Build Orders
End
Selects Special Operations Battlegroup
Selects M29 Weasel Recon Vehicle
Construct Weapon Support Center
Engineer Squad
M1919 Machine Gun Team
Sniper
Bazooka Squad
Selects M29 Weasel with M1 Pack Howitzer
M29 Weasel with M1 Pack Howitzer
Construct Medical Station
Mechanized Support Center
Construct Tank Depot
Selects Mark Vehicle
Selects UNKNOWN (2162291)
Bazooka Squad
M4A1 Sherman Whizbang
Designate Forward Repair Station
.30 cal Machine Gun
Selects Raiding Flares
Raiding Flares
.30 cal Machine Gun
M4A1 Sherman Whizbang
Raiding Flares
M3 Armored Personnel Carrier
Improved M9 Bazooka Rockets
Raiding Flares
Selects SSF Commando Squad
M4A1 Sherman Whizbang
Engineer Squad
CptLink( jimmy)
Wolfens
LJCQAL
springfield
DD響
Adeptus Mechanicus
twrealize
一十四叔
0
0
Comments
sign in to comment!
No comments posted yet!